 Dungeon Crawl Stone Soup version 0.24.0-13-gcf9b319 (webtiles) character file.

Game seed: 4882516943853711890, levelgen mode: deterministic

112 prawnwizard the Ruffian (level 4, -6/45 HPs)
             Began as a Troll Fighter on Mar 4, 2020.
             Mangled by a gnoll
             ... wielding a +0 flail
              (11 damage)
             ... on level 3 of the Dungeon.
             The game lasted 00:02:04 (1350 turns).

prawnwizard the Ruffian (Troll Fighter)             Turns: 1350, Time: 00:02:05

Health: -6/45      AC:  6    Str: 25    XL:     4   Next: 63%
Magic:  3/3        EV: 10    Int:  4    God:
Gold:   139        SH:  0    Dex:  9    Spells: 3/3 levels left

rFire    . . .     SeeInvis .     - Unarmed
rCold    . . .     Gourm    +   (no shield)
rNeg     . . .     Faith    .   a - +0 robe
rPois    .         Spirit   .   (helmet restricted)
rElec    .         Reflect  .   (no cloak)
rCorr    .         Harm     .   (gloves unavailable)
MR       .....                  (boots unavailable)
Stlth    +.........             (no amulet)
HPRegen  0.55/turn              (no ring)
MPRegen  0.08/turn              (no ring)

@: no status effects
A: large, unfitting armour, claws 3, fast metabolism 3, gourmand, regeneration
1, shaggy fur 1, tough skin 3
a: no special abilities


You were on level 3 of the Dungeon.
You were very full.

You visited 1 branch of the dungeon, and saw 3 of its levels.

You collected 139 gold pieces.

Inventory:

Armour
 a - a +0 robe (worn)
 b - a +0 shield
Scrolls
 e - 2 scrolls of amnesia {unknown}
 j - a scroll of enchant armour {unknown}
 l - a scroll of identify {unknown}
 m - a scroll of remove curse {unknown}
Potions
 c - a potion of might
 f - 2 potions of heal wounds {unknown}
 g - 2 potions of curing {unknown}
 i - 2 potions of degeneration {unknown}
 k - a potion of magic {unknown}
Comestibles
 d - 4 rations
 h - 15 chunks of flesh


   Skills:
 + Level 3.1 Fighting
 + Level 3.1 Dodging
 - Level 2.6 Shields
 * Level 3.4 Unarmed Combat


You had 3 spell levels left.
You didn't know any spells.
Your spell library was empty.

Dungeon Overview and Level Annotations

Branches:
Dungeon (3/15)

Altars:


Innate Abilities, Weirdness & Mutations

You are too large for most types of armour.
You have claws for hands.
Your metabolism is lightning-fast.
You like to eat raw meat.
Your natural rate of healing is unusually fast.
You are covered in fur. (AC +1)
You have extremely tough skin. (AC +3)


Message History

You scratch the gnoll.
The gnoll is severely wounded.
The gnoll hits you but does no damage.
The gnoll hits you with a cursed -2 spear.
The frilled lizard bites you.
* * * LOW HITPOINT WARNING * * *
The goblin hits you but does no damage.
An orc comes into view. It is wielding a +0 flail.
An orc comes into view. It is wielding a +0 short sword.
The gnoll closely misses you.
The gnoll hits you with a cursed -2 spear!
* * * LOW HITPOINT WARNING * * *
The frilled lizard bites you.
* * * LOW HITPOINT WARNING * * *
The orc shouts!
You claw the ogre!
The ogre is heavily wounded.
The ogre barely misses you. The gnoll hits you but does no damage.
The gnoll hits you with a +0 flail!
You die...

o. #o# # #.. #. #..## #
#...## # #....# #..## ##
##############.g@#####..
..
...............lOgrh....
..
≈≈≈≈≈≈≈≈≈≈≈≈≈≈≈.gSh≈≈≈≈≈
≈≈
≈≈≈≈≈≈≈≈≈≈≈≈≈≈≈?...≈≈≈≈≈
≈≈
###≈≈≈≈≈≈≈≈≈≈≈≈....≈≈≈≈≈
##
g.#.....................
#.
..#############''''#####
# #+# #....# # #....#


You could see an ogre, 2 gnolls, 2 orcs, a quokka, 2 jackals, a goblin, a ball
python and a frilled lizard.

Vanquished Creatures
  4 adders
  A worm (D:2)
  3 dart slugs
  A leopard gecko (D:2)
  6 giant cockroaches
  A goblin (D:2)
  5 hobgoblins
  20 jackals
  2 ball pythons
  6 bats
  3 frilled lizards
  3 kobolds (D:1)
  4 rats
  3 plants (D:3)
62 creatures vanquished.

Notes
Turn   | Place    | Note
-------+----------+-------------------------------------------
     0 | D:1      | prawnwizard the Troll Fighter began the quest for the Orb.
     0 | D:1      | Reached XP level 1. HP: 22/22 MP: 0/0
    71 | D:1      | Reached XP level 2. HP: 29/29 MP: 1/1
   442 | D:2      | Reached XP level 3. HP: 36/36 MP: 2/2
   749 | D:2      | Reached XP level 4. HP: 43/44 MP: 3/3
  1342 | D:3      | Noticed an ogre
  1350 | D:3      | Mangled by a gnoll

Levels and vault maps discovered:
D:1:      scummos_arrival_star, layout_rooms
D:2:      layout_basic, first_ration
D:3:      lemuel_castle_with_subvaults [lemuel_castle_interior_carwin_2],
          layout_rooms, minivault_24

Skill      XL: |  1  2  3  4 |
---------------+-------------+-----
Unarmed Combat | 3 |  3.4
Dodging        | 3 |  3.1
Fighting       | 3 |  3.1
Shields        | |  2.6

Action                   |  1- 3 |  4- 6 || total
-------------------------+-------+-------++-------
Melee: Unarmed           |    96 |    97 ||   193
       Punch             |     1 |     2 ||     3
 Stab: Sleeping          |       |     1 ||     1
  Eat: Chunk             |    12 |     5 ||    17
Armor: Robe              |    58 |    55 ||   113
Dodge: Dodged            |    58 |    52 ||   110
Block: Shield            |    10 |       ||    10
